AoeStats
← [PYSA] - ༺Mojo Jijo༻

Arabia

508530919Analyzed
2v2 RM · 8d ago on Sep 22, 2026· 53m 39s· 4 players
Game mode
Random Map
Map size
Medium (4 player)
Population
200
Speed
Normal
Resources
Standard
Victory
Conquest
Starting age
Dark Age
Ending age
Imperial Age
RankedLock teamsTeams togetherTeam positionsShared explorationLock speedFull tech treeHidden civsTurbo modeCheats
Victory
Defeat
🇦🇷 Wei · Argentina
1192
+15
🇦🇷 Random · Argentina
1181
+16
🇦🇷 Franks · Argentina
1187
-16
🇪🇸 Chinese · Spain
1171
-15
Gaspar
0:26 Loom
10:46 Feudal Age
11:00 Man-at-Arms
11:53 Double-Bit Axe
12:00 Gold Mining
19:10 Fletching
23:25 Castle Age
21:55 Padded Archer Armor
22:41 Town Watch
22:47 Horse Collar
22:57 Stone Mining
23:34 Crossbowman
24:14 Bodkin Arrow
27:15 Thumb Ring
29:14 Wheelbarrow
31:04 Bow Saw
33:54 Leather Archer Armor
34:24 Stone Shaft Mining
34:24 Gold Shaft Mining
38:10 Ballistics
41:06 Hand Cart
40:52 Town Patrol
46:54 Imperial Age
46:07 Scale Barding Armor
46:12 Forging
46:31 Husbandry
46:45 Bloodlines
47:18 Cavalier
49:15 Arbalester
53:43 Chemistry
Cofla
6:55 Loom
9:44 Feudal Age
10:45 Double-Bit Axe
24:47 Castle Age
23:49 Scale Barding Armor
24:38 Forging
25:09 Gold Mining
26:53 Iron Casting
32:13 Gold Shaft Mining
32:13 Chain Barding Armor
33:23 Fletching
33:49 Town Watch
40:16 Bodkin Arrow
45:39 Imperial Age
46:44 Conscription
53:09 Cavalier
[PYSA] - ༺Mojo Jijo༻
6:50 Loom
9:14 Feudal Age
9:19 Man-at-Arms
9:56 Double-Bit Axe
18:18 Wheelbarrow
19:08 Forging
21:24 Castle Age
20:21 Scale Mail Armor
20:25 Arson
22:07 Squires
23:39 Chain Mail Armor
27:15 Pikeman
29:14 Gambesons
30:11 Horse Collar
31:16 Gold Mining
33:01 Iron Casting
34:01 Hand Cart
36:42 Town Watch
36:48 Fletching
40:45 Imperial Age
40:38 Bodkin Arrow
41:08 Cranequins
43:32 Bow Saw
42:48 Heavy Mounted Crossbowman
44:28 Scale Barding Armor
44:25 Padded Archer Armor
44:28 Bracer
45:48 Ballistics
46:36 Plate Mail Armor
46:07 Padded Archer Armor
46:18 Elite Varangian Guard
48:40 Conscription
48:52 Shield Wall
51:18 Thumb Ring
[PYSA] - Abusamadres Jones
7:22 Loom
9:39 Feudal Age
10:29 Double-Bit Axe
18:18 Fletching
21:09 Horse Collar
24:36 Castle Age
23:34 Scale Barding Armor
23:47 Gold Mining
25:20 Husbandry
26:18 Bloodlines
27:20 Chain Barding Armor
28:55 Forging
28:14 Elite Skirmisher
51:05 Wheelbarrow
52:18 Tuntian
53:24 Gold Shaft Mining
52:41 Stone Mining
53:26 Hand Cart
52:58 Town Watch
53:50 Iron Casting
53:32 Bow Saw
56:42 Imperial Age
Connection lost

Rejoining the realm…

Still unreachable

The connection could not be restored.

Session expired

The server has moved on; the page needs a fresh start.